 Dungeon Crawl Stone Soup version 0.28-a0-1387-g3a22ab9bdc (webtiles) character file.

Game seed: 13408007785938852456

80 HallandMoats the Skirmisher (level 4, 0/37 HPs)
             Began as a Demonspawn Fighter on Jan 2, 2022.
             Slain by Robin (3 damage)
             ... on level 3 of the Dungeon.
             The game lasted 00:04:45 (2042 turns).

HallandMoats the Skirmisher (Demonspawn Fighter)    Turns: 2042, Time: 00:04:46

Health: 0/37       AC:  5    Str: 19    XL:     4   Next: 18%
Magic:  4/4        EV: 11    Int:  9    God:
Gold:   79         SH:  4    Dex: 12    Spells: 3/3 levels left

rFire   . . .      SeeInvis .   a - +0 war axe
rCold   . . .      Faith    .   c - +0 buckler
rNeg    + . .      Spirit   .   g - +2 robe {rN+}
rPois   .          Reflect  .   k - +1 hat
rElec   .          Harm     .   (no cloak)
rCorr   .          Rampage  .   (no gloves)
Will    .....                   (no boots)
Stlth   +.........              (no amulet)
HPRegen 0.12/turn               (no ring)
MPRegen 0.09/turn               (no ring)

@: no status effects
A: sturdy frame 2, demonic touch 1
a: no special abilities


You were on level 3 of the Dungeon.
You visited 1 branch of the dungeon, and saw 3 of its levels.

You collected 79 gold pieces.

Inventory:

Hand Weapons
 a - a +0 war axe (weapon)
Armour
 c - a +0 buckler (worn)
 g - a +2 robe of positive energy (worn)
 k - a +1 hat (worn)
Wands
 j - a wand of digging (6)
Scrolls
 e - a scroll of torment {unknown}
 f - a scroll of identify {unknown}
 h - 3 scrolls of vulnerability {unknown}
 l - a scroll of enchant weapon {unknown}
Potions
 b - 2 potions of lignification {unknown}
 i - 2 potions of cancellation


   Skills:
 * Level 3.7 Fighting
 * Level 2.7 Axes
 + Level 3.0 Armour
 + Level 1.0 Dodging
 + Level 2.9 Shields


You had 3 spell levels left.
You didn't know any spells.
Your spell library was empty.

Dungeon Overview and Level Annotations

Branches:
Dungeon (3/15)

Altars:

Annotations:
D:3 Robin


Innate Abilities, Weirdness & Mutations

Your movements are less encumbered by armour. (ER -4)
Your touch may inflict minor irresistible damage on your foes.


Message History

You closely miss the goblin. You hit the goblin. You hit the hobgoblin.
You kill the hobgoblin!
You block the goblin's attack. x2
Robin roars a battlecry!
The goblins go into a battle-frenzy!
The goblin hits you with a +0 club. The goblin hits you with a +0 dagger.
You closely miss the goblin. You slash the goblin!
You kill the goblin!
You block Robin's attack. The goblin hits you but does no damage.
Robin hits you from afar with a +0 spear.
Your Dodging skill increases to level 1!
You slash the goblin!
You kill the goblin!
Robin hits you from afar with a +0 spear.
Robin completely misses you.
Items here: )))) [ †.
You hit Robin.
Robin is lightly wounded.
Robin closely misses you. Robin hits you with a +0 spear.
* * * LOW HITPOINT WARNING * * *
You closely miss Robin.
Robin is lightly wounded.
Robin hits you with a +0 spear.
* * * LOW HITPOINT WARNING * * *
You hit Robin.
Robin is moderately wounded.
Robin hits you with a +0 spear.
* * * LOW HITPOINT WARNING * * *
You hit Robin but do no damage.
Robin is moderately wounded.
Robin hits you with a +0 spear.
* * * LOW HITPOINT WARNING * * *
Robin hits you but does no damage.
You barely miss Robin.
Robin is moderately wounded.
Robin flexes a bicep menacingly.
You block Robin's attack.
It was a potion of cancellation.
You feel magically purged. Robin hits you with a +0 spear.
You die...

..##...[........## .
.................#.....
......................
.....................
.#.#...............
..........##..... ##.
#.###...###...###....
#.......# #.)))......
###.....###.@.)...#
#........#g###.#.#
#............# ..
.....................
.....................#
g####.............. ..
#.............. .
#..............
#..............


You could see Robin.

Vanquished Creatures
  2 adders (D:2)
  An orc (D:3)
  4 ball pythons
  7 endoplasms
  2 giant cockroaches (D:2)
  14 goblins
  3 hobgoblins
  5 quokkas
  3 bats
  3 frilled lizards
  5 kobolds (D:1)
  3 rats
52 creatures vanquished.

Notes
Turn   | Place    | Note
-------+----------+-------------------------------------------
     0 | D:1      | HallandMoats the Demonspawn Fighter began the quest for the
                  | Orb.
     0 | D:1      | Reached XP level 1. HP: 18/18 MP: 1/1
   430 | D:1      | Gained mutation: Your movements are slightly less
                  | encumbered by armour. (ER -2) [demonic ancestry]
   430 | D:1      | Reached XP level 2. HP: 19/24 MP: 2/2
  1089 | D:2      | Gained mutation: Your touch may inflict minor irresistible
                  | damage on your foes. [demonic ancestry]
  1089 | D:2      | Reached XP level 3. HP: 17/29 MP: 3/3
  2024 | D:3      | Noticed Robin
  2025 | D:3      | Gained mutation: Your movements are less encumbered by
                  | armour. (ER -4) [demonic ancestry]
  2025 | D:3      | Reached XP level 4. HP: 23/37 MP: 4/4
  2035 | D:3      | Reached skill level 1 in Dodging
  2042 | D:3      | Slain by Robin

Illustrated notes

Levels and vault maps discovered:
D:1:      dpeg_arrival_arbitrary_c, layout_rooms
D:2:      layout_rooms, chequers_serial_rivers_large_a, minmay_pentomino_t4
D:3:      layout_rooms, mainiacjoe_overflow_six_doors_small,
          gup_sewer_entry_bowl, grunt_decor_one_mirror, saegor_snake_ambush,
          uniq_robin

Skill      XL: |  1  2  3  4 |
---------------+-------------+-----
Axes           | 2 |  2.7
Armour         | 3 |  3.0
Dodging        | 1 |  1.0
Fighting       | |  3.7
Shields        | |  2.9

Action                   |  1- 3 |  4- 6 || total
-------------------------+-------+-------++-------
Melee: War axe           |   117 |    16 ||   133
  Use: Potion            |     3 |     1 ||     4
Armor: Scale mail        |    17 |       ||    17
       Robe              |    50 |    13 ||    63
Dodge: Dodged            |    73 |    10 ||    83
Block: Buckler           |    29 |     6 ||    35

Table legend: (Time is in decaauts)
 A = Elapsed time spent in this place.
 B = Non-inter-level travel time spent in this place.
 C = Inter-level travel time spent in this place.
 D = Time resting spent in this place.
 E = Time spent auto-exploring this place.
 F = Levels seen in this place.
 G = Mean time per level.
                   A        B        C        D        E       F      G
               +--------+--------+--------+--------+--------+-----+--------+
         Total |   2098 |   2097 |      1 |    873 |    767 |   3 |  699.3 |
       Dungeon |   2098 |   2097 |      1 |    873 |    767 |   3 |  699.3 |
               +--------+--------+--------+--------+--------+-----+--------+

Top non-repeatable levels by time:
     D:1: 1015 daAuts
     D:2: 994 daAuts
     D:3: 88 daAuts
